2969 views
Uploaded 2020-02-20 12:02:19
Game version 1.32 / 1.32.1
27:17 long 1on1 custom game on (2)PlunderIsle_LV
Game name "punder"
Saved by SheepCanFly
2969 views
Uploaded 2020-02-20 12:02:19
Game version 1.32 / 1.32.1
27:17 long 1on1 custom game on (2)PlunderIsle_LV
Game name "punder"

61 units @ 8.3k
/ 0.8k
43 buildings @ 3.8k
/ 1.7k



| Scroll of Regeneration | 4 | 400 |
| Lesser Clarity Potion | 1 | 70 |
| Potion of Healing | 3 | 450 |
| Potion of Mana | 1 | 200 |
| Orb of Fire | 1 | 325 |
| Staff of Sanctuary | 1 | 250 |
| Dust of Appearance | 1 | 75 |
| Scroll of Town Portal | 2 | 700 |
| total: | 14 | 2470g |
| Peasant | 30 | 2250 | / | 0 |
| Footman | 8 | 1080 | / | 0 |
| Rifleman | 12 | 2460 | / | 360 |
| Spell Breaker | 5 | 1075 | / | 150 |
| Priest | 2 | 270 | / | 20 |
| Gryphon Rider | 4 | 1120 | / | 280 |
| total: | 61 | 8255g | / | 810w |
| Scout Tower | 14 | 420 | / | 280 |
| Arcane Tower | 3 | 210 | / | 150 |
| Guard Tower | 8 | 560 | / | 400 |
| Altar of Kings | 1 | 180 | / | 50 |
| Barracks | 2 | 320 | / | 120 |
| Farm | 16 | 1280 | / | 320 |
| Town Hall | 1 | 385 | / | 205 |
| Lumber Mill | 1 | 120 | / | 0 |
| Arcane Vault | 3 | 390 | / | 90 |
| Blacksmith | 1 | 140 | / | 60 |
| Arcane Sanctum | 2 | 300 | / | 280 |
| Gryphon Aviary | 2 | 280 | / | 300 |
| Keep | 1 | 320 | / | 210 |
| Castle | 1 | 360 | / | 210 |
| total: | 43 | 3815g | / | 1705w |
| 0:01 | Peasant |
| 0:01 | Peasant |
| 0:06 | Altar of Kings |
| 0:11 | Barracks |
| 0:21 | Peasant |
| 0:32 | Farm |
| 0:38 | Peasant |
| 0:54 | Peasant |
| 1:02 | Farm |
| 1:14 | Footman |
| 1:17 | Peasant |
| 1:25 | Peasant |
| 1:32 | Farm |
| 1:40 | Footman |
| 1:56 | Peasant |
| 2:15 | Footman |
| 2:16 | Peasant |
| 2:23 | Farm |
| 2:31 | Summon Water Elemental |
| 2:37 | Peasant |
| 2:38 | Footman |
| 2:48 | Peasant |
| 2:49 | Scout Tower |
| 2:50 | Scout Tower |
| 3:08 | Brilliance Aura |
| 3:10 | Scout Tower |
| 3:15 | Peasant |
| 3:37 | Footman |
| 3:37 | Peasant |
| 3:59 | Town Hall |
| 4:02 | Scout Tower |
| 4:25 | Peasant |
| 4:36 | Peasant |
| 4:36 | Arcane Tower |
| 4:45 | Peasant |
| 4:52 | Lumber Mill |
| 4:54 | Peasant |
| 5:02 | Summon Water Elemental |
| 5:10 | Peasant |
| 5:13 | Farm |
| 5:23 | Peasant |
| 5:29 | Arcane Tower |
| 5:41 | Arcane Vault |
| 5:54 | Scout Tower |
| 5:55 | Footman |
| 5:55 | Peasant |
| 5:56 | Peasant |
| 5:58 | Peasant |
| 5:58 | Peasant |
| 6:00 | Farm |
| 6:07 | Peasant |
| 6:12 | Arcane Vault |
| 6:15 | Blacksmith |
| 6:31 | Scout Tower |
| 6:32 | Peasant |
| 6:32 | Peasant |
| 6:34 | Peasant |
| 6:34 | Peasant |
| 6:35 | Footman |
| 6:37 | Farm |
| 7:10 | Footman |
| 7:12 | Peasant |
| 7:12 | Peasant |
| 7:17 | Arcane Tower |
| 7:27 | Keep |
| 7:29 | Rifleman |
| 7:31 | Rifleman |
| 7:38 | Guard Tower |
| 7:40 | Scout Tower |
| 7:47 | Rifleman |
| 7:49 | Barracks |
| 7:53 | Farm |
| 7:54 | Farm |
| 7:57 | Farm |
| 8:09 | Guard Tower |
| 8:36 | Scroll of Regeneration |
| 8:53 | Rifleman |
| 9:07 | Farm |
| 9:22 | Lesser Clarity Potion |
| 9:34 | Rifleman |
| 9:37 | Scout Tower |
| 9:38 | Rifleman |
| 9:52 | Potion of Healing |
| 9:57 | Potion of Mana |
| 10:11 | Rifleman |
| 10:17 | Dust of Appearance |
| 10:40 | Rifleman |
| 10:41 | Long Rifles |
| 10:44 | Guard Tower |
| 10:46 | Scout Tower |
| 10:57 | Arcane Sanctum |
| 11:00 | Arcane Sanctum |
| 11:09 | Farm |
| 11:13 | Holy Light |
| 11:37 | Black Gunpowder |
| 11:54 | Rifleman |
| 11:55 | Rifleman |
| 11:59 | Castle |
| 12:02 | Arcane Vault |
| 13:00 | Brilliance Aura |
| 13:23 | Rifleman |
| 13:23 | Spell Breaker |
| 13:52 | Scout Tower |
| 13:53 | Scout Tower |
| 14:03 | Improved Masonry |
| 14:06 | Scout Tower |
| 14:10 | Rifleman |
| 14:16 | Spell Breaker |
| 14:24 | Guard Tower |
| 14:26 | Guard Tower |
| 14:35 | Divine Shield |
| 14:49 | Guard Tower |
| 14:51 | Scout Tower |
| 15:11 | Spell Breaker |
| 15:18 | Scout Tower |
| 15:19 | Guard Tower |
| 15:26 | Scroll of Regeneration |
| 15:46 | Scroll of Town Portal |
| 16:32 | Gryphon Aviary |
| 16:33 | Gryphon Aviary |
| 17:19 | Spell Breaker |
| 17:39 | Guard Tower |
| 17:47 | Iron Forged Swords |
| 18:01 | Orb of Fire |
| 18:03 | Priest |
| 18:47 | Storm Bolt |
| 18:52 | Gryphon Rider |
| 19:11 | Staff of Sanctuary |
| 19:16 | Scroll of Regeneration |
| 19:19 | Potion of Healing |
| 19:28 | Steel Forged Swords |
| 19:53 | Farm |
| 19:56 | Farm |
| 20:23 | Farm |
| 20:24 | Farm |
| 20:26 | Studded Leather Armor |
| 20:29 | Animal War Training |
| 20:30 | Storm Hammers |
| 21:38 | Scroll of Town Portal |
| 21:58 | Spell Breaker |
| 22:05 | Gryphon Rider |
| 23:46 | Priest |
| 24:04 | Summon Water Elemental |
| 24:35 | Scroll of Regeneration |
| 24:38 | Potion of Healing |
| 24:53 | Holy Light |
| 24:54 | Bash |
| 25:36 | Gryphon Rider |
| 27:16 | Gryphon Rider |
| Right click | 1904 |
| Select group | 1542 |
| Select | 1035 |
| Misc. action | 311 |
| Build/train/purchase | 200 |
| Assign group | 118 |
| Use ability | 42 |
| Esc | 10 |
| Remove unit | 2 |
| Item give/drop | 1 |
32 units @ 6k
/ 1.1k
17 buildings @ 2.7k
/ 1k



| Rod of Necromancy | 3 | 450 |
| Potion of Healing | 2 | 300 |
| Potion of Mana | 4 | 800 |
| Orb of Corruption | 1 | 375 |
| Scroll of Town Portal | 2 | 700 |
| total: | 12 | 2625g |
| Acolyte | 3 | 225 | / | 0 |
| Ghoul | 2 | 240 | / | 0 |
| Crypt Fiend | 14 | 3010 | / | 560 |
| Obsidian Statue | 5 | 1000 | / | 175 |
| Abomination | 3 | 720 | / | 210 |
| Banshee | 5 | 775 | / | 150 |
| total: | 32 | 5970g | / | 1095w |
| Spirit Tower | 4 | 580 | / | 160 |
| Altar of Darkness | 1 | 180 | / | 50 |
| Crypt | 1 | 200 | / | 50 |
| Ziggurat | 8 | 1200 | / | 400 |
| Tomb of Relics | 2 | 260 | / | 60 |
| Graveyard | 2 | 430 | / | 0 |
| Slaughterhouse | 2 | 280 | / | 270 |
| Temple of the Damned | 1 | 155 | / | 140 |
| Halls of the Dead | 1 | 320 | / | 210 |
| Black Citadel | 1 | 325 | / | 230 |
| total: | 17 | 2705g | / | 970w |
| 0:03 | Altar of Darkness |
| 0:04 | Crypt |
| 0:10 | Ziggurat |
| 0:23 | Acolyte |
| 0:38 | Acolyte |
| 0:55 | Tomb of Relics |
| 0:57 | Tomb of Relics |
| 1:08 | Ghoul |
| 1:19 | Ghoul |
| 1:49 | Graveyard |
| 1:51 | Graveyard |
| 2:04 | Rod of Necromancy |
| 2:07 | Death Coil |
| 2:35 | Halls of the Dead |
| 3:16 | Ziggurat |
| 4:03 | Crypt Fiend |
| 4:13 | Ziggurat |
| 4:28 | Crypt Fiend |
| 4:34 | Rod of Necromancy |
| 5:00 | Slaughterhouse |
| 5:04 | Slaughterhouse |
| 5:15 | Unholy Aura |
| 5:55 | Crypt Fiend |
| 5:55 | Burrow |
| 5:57 | Rod of Necromancy |
| 6:05 | Obsidian Statue |
| 6:11 | Frost Nova |
| 6:57 | Potion of Healing |
| 6:57 | Potion of Mana |
| 6:59 | Obsidian Statue |
| 7:13 | Crypt Fiend |
| 7:25 | Spirit Tower |
| 7:41 | Spirit Tower |
| 7:57 | Ziggurat |
| 8:34 | Black Citadel |
| 9:33 | Dark Ritual |
| 10:10 | Crypt Fiend |
| 10:11 | Obsidian Statue |
| 10:20 | Death Coil |
| 10:42 | Crypt Fiend |
| 11:02 | Potion of Mana |
| 11:02 | Orb of Corruption |
| 11:15 | Creature Attack |
| 11:42 | Silence |
| 12:35 | Crypt Fiend |
| 13:14 | Crypt Fiend |
| 13:55 | Potion of Mana |
| 13:55 | Scroll of Town Portal |
| 13:56 | Crypt Fiend |
| 14:00 | Obsidian Statue |
| 14:30 | Crypt Fiend |
| 14:42 | Crypt Fiend |
| 14:51 | Frost Nova |
| 15:13 | Abomination |
| 15:37 | Black Arrow |
| 15:44 | Ziggurat |
| 15:48 | Temple of the Damned |
| 16:07 | Disease Cloud |
| 16:53 | Crypt Fiend |
| 17:20 | Obsidian Statue |
| 17:20 | Abomination |
| 17:24 | Banshee Adept Training |
| 17:49 | Crypt Fiend |
| 17:52 | Banshee |
| 18:56 | Banshee |
| 18:57 | Banshee |
| 18:58 | Web |
| 19:16 | Ziggurat |
| 19:21 | Acolyte |
| 19:43 | Improved Creature Attack |
| 20:20 | Crypt Fiend |
| 20:33 | Unholy Aura |
| 20:39 | Banshee |
| 21:14 | Abomination |
| 21:39 | Scroll of Town Portal |
| 21:40 | Potion of Mana |
| 23:14 | Potion of Healing |
| 23:35 | Frost Armor |
| 23:48 | Black Arrow |
| 24:27 | Ziggurat |
| 24:54 | Ziggurat |
| 25:20 | Spirit Tower |
| 25:34 | Banshee |
| 25:46 | Spirit Tower |
| Right click | 2659 |
| Select group | 1609 |
| Select | 697 |
| Build/train/purchase | 184 |
| Use ability | 76 |
| Assign group | 56 |
| Misc. action | 29 |
| Item give/drop | 3 |
| Remove unit | 1 |